 Dungeon Crawl Stone Soup version 0.29-a0-275-g389c0b56f3 (webtiles) character file.

Game seed: 12622641885367487678

26 Colgate the Vexing (level 2, 13/13 HPs)
             Began as a Spriggan Enchanter on Mar 9, 2022.
             Quit the game on level 2 of the Dungeon.
             The game lasted 00:03:16 (1868 turns).

Colgate the Vexing (Spriggan Enchanter)             Turns: 1868, Time: 00:03:16

Health: 13/13      AC:  2    Str: 10    XL:     2   Next: 89%
Magic:  2/6        EV: 17    Int: 16    God:
Gold:   81         SH:  0    Dex: 15    Spells: 4/6 levels left

rFire   . . .      SeeInvis +   i - +2 dagger (freeze)
rCold   . . .      Faith    .   (no shield)
rNeg    . . .      Spirit   .   b - +0 robe
rPois   .          Reflect  .   (helmet restricted)
rElec   .          Harm     .   (no cloak)
rCorr   .          Rampage  .   (gloves unavailable)
Will    .....                   (boots unavailable)
Stlth   +++.......              (no amulet)
HPRegen 0.04/turn               k - +6 ring of strength
MPRegen 0.10/turn               (no ring)

@: very quick
A: very small, no large weapons, unfitting armour, see invisible, speed 3
a: no special abilities


You were on level 2 of the Dungeon.
You visited 1 branch of the dungeon, and saw 2 of its levels.

You collected 81 gold pieces.

Inventory:

Hand Weapons
 a - a +1 dagger
 i - a +2 dagger of freezing (weapon)
Armour
 b - a +0 robe (worn)
Jewellery
 k - a +6 ring of strength (left hand)
Scrolls
 f - a scroll of identify {unknown}
 h - a scroll of teleportation {unknown}
Potions
 c - 2 potions of invisibility
 d - a potion of brilliance {unknown}
 e - a potion of magic {unknown}
 g - 2 potions of mutation {unknown}
 j - a potion of flight {unknown}


   Skills:
 - Level 1.1 Short Blades
 - Level 2.6 Dodging
 - Level 4.4 Stealth
 + Level 2.8 Spellcasting
 - Level 5.0 Hexes


You had 4 spell levels left.
You knew the following spells:

 Your Spells              Type           Power      Damage    Failure   Level
a - Ensorcelled Hibernat  Hex/Ice        20%        N/A       11%         2

Your spell library contained the following spells:

 Spells                   Type           Power      Damage    Failure   Level
 Confusing Touch          Hex            18%        N/A       8%          3
 Tukima's Dance           Hex            18%        N/A       8%          3
 Dazzling Flash           Conj/Hex       20%        N/A       21%         3
 Fulminant Prism          Conj/Hex       5%         3d7       56%         4
 Iskenderun's Mystic Bla  Conj/Tloc      2%         2d3       88%         4
 Lee's Rapid Deconstruct  Erth           1%         3d5*      99%         5


Dungeon Overview and Level Annotations

Branches:
Dungeon (2/15)

Altars:
The Shining One

Shops:
D:2 :


Innate Abilities, Weirdness & Mutations

You are very small and have problems with some larger weapons.
You are too small for most types of armour.
You have supernaturally acute eyesight. (SInv)
You cover ground extremely quickly. (Speed+++)


Message History

Your Hexes skill increases to level 5!
Found 11 gold pieces.
You now have 81 gold pieces (gained 11).
There is a stone staircase leading up here.
Things that are here:
a +0 dagger; a goblin skeleton A kobold comes into view.
It is wielding a +0 short sword.
A rat comes into view.
Found 2 poisoned darts.
The kobold shouts!
The kobold misses you.
You hit the kobold but do no damage. The kobold barely misses you.
The kobold resists with significant effort.
The rat completely misses you. The kobold closely misses you.
The kobold resists with significant effort.
The rat barely misses you. The kobold completely misses you.
The kobold resists with significant effort.
The rat misses you. The kobold closely misses you.
You are too depleted to draw on your mana recklessly!
The kobold throws a stone.
The stone completely misses you.
You closely miss the rat. The rat bites you.
You hit the rat. You freeze the rat.
You kill the rat!
The kobold throws a stone.
The stone closely misses you.
You see here a rat corpse.
You hit the kobold. You freeze the kobold.
The kobold hits you but does no damage.
You closely miss the kobold. The kobold completely misses you.
You hit the kobold. You freeze the kobold.
You kill the kobold!
Things that are here:
a +0 short sword; a stone
Found Doag's Book Shoppe.
Found a jade ring.
There is an entrance to Doag's Book Shoppe here.
k - a +6 ring of strength You feel stronger.
k - a +6 ring of strength (left hand)
There is an entrance to Doag's Book Shoppe here.
Unknown command.

#....# ###.
#....####....
#####.....(.....
#...##.........
###.#.##.......#
#..@..##.......# .
#.#.#..........# ..
#.#.........)†.# ..
#..............###..
########............
########.[... #.....
#..... #.....


There were no monsters in sight!

Vanquished Creatures
  2 dart slugs
  5 bats
  An endoplasm (D:1)
  A giant cockroach (D:1)
  2 goblins (D:2)
  A hobgoblin (D:1)
  A frilled lizard (D:2)
  4 kobolds
  4 rats
21 creatures vanquished.

Notes
Turn   | Place    | Note
-------+----------+-------------------------------------------
     0 | D:1      | Colgate the Spriggan Enchanter began the quest for the Orb.
     0 | D:1      | Reached XP level 1. HP: 9/9 MP: 5/5
    98 | D:1      | Found a faded altar of an unknown god.
   107 | D:1      | Prayed at the altar of an unknown god.
   107 | D:1      | Became a worshipper of the Shining One
   107 | D:1      | Reached * piety under the Shining One
   131 | D:1      | Reached skill level 4 in Hexes
   206 | D:1      | Fell from the grace of the Shining One
   288 | D:1      | Reached XP level 2. HP: 5/13 MP: 6/6
   291 | D:1      | Learned a level 2 spell: Ensorcelled Hibernation
  1678 | D:2      | Reached skill level 5 in Hexes
  1854 | D:2      | Found Doag's Book Shoppe.
  1868 | D:2      | Quit the game

Illustrated notes

Levels and vault maps discovered:
D:1:      dpeg_arrival_stonehenge_8_columns, layout_loops_ring, serial_aquarium,
          aquarium_bridge_square [aquarium_subvault_balcony,
          aquarium_subvault_bridge, aquarium_subvault_wall,
          aquarium_subvault_bridge], aquarium_window_1, aquarium_window_2,
          aquarium_view_2f, aquarium_pool_corner,
          hellmonk_ecumenical_altar_arch_garden, serial_bayou_pond_b
D:2:      layout_basic, serial_shops, nicolae_shop_crystal

Skill      XL: |  1  2 |
---------------+-------+-----
Hexes          | 4 5 |  5.0
Short Blades   | |  1.1
Dodging        | |  2.6
Stealth        | |  4.4
Spellcasting   | |  2.8

Action                   || total
-------------------------++-------
Melee: Dagger            ||    52
       Punch             ||     1
 Cast: Ensorcelled Hiber ||    13
Invok: Renounce Religion ||     1
 Stab: Sleeping          ||     8
Armor: Robe              ||     2
Dodge: Dodged            ||    51

Table legend: (Time is in decaauts)
 A = Elapsed time spent in this place.
 B = Non-inter-level travel time spent in this place.
 C = Inter-level travel time spent in this place.
 D = Time resting spent in this place.
 E = Time spent auto-exploring this place.
 F = Levels seen in this place.
 G = Mean time per level.
                   A        B        C        D        E       F      G
               +--------+--------+--------+--------+--------+-----+--------+
         Total |   1439 |   1423 |     16 |     13 |   1237 |   2 |  719.5 |
       Dungeon |   1439 |   1423 |     16 |     13 |   1237 |   2 |  719.5 |
               +--------+--------+--------+--------+--------+-----+--------+

Top non-repeatable levels by time:
     D:1: 775 daAuts
     D:2: 663 daAuts
